Map: Acropolis LE

Players

Shorthair

  • Race: Protoss Protoss
  • League: Platinum
  • Spawn Location: 11:00

pHARM - Winner!

  • Race: Zerg Zerg
  • League: Platinum
  • Spawn Location: 5:00

VOD

Have the link to the VOD?

Description

Time

  • Played on: Aug. 25, 2019, 4 p.m.
  • Length: 5:39
Show
View Real Time Build Order
Export as new Build Order

Shorthair Protoss 

Build Orders:  

Get SALT Encoding   

  12  0:01  Probe  
  13  0:13  Probe  
  14  0:19  Pylon  
  14  0:25  Probe  
  15  0:35  Probe  
  15  0:38  Gateway  
  16  0:43  Probe  
  17  0:51  Probe, Assimilator  
  18  1:03  Probe  
  19  1:09  Gateway  
  19  1:15  Probe  
  20  1:27  Probe  
  20  1:28  Cybernetics Core  
  22  1:40  Probe  
  22  1:42  Pylon  
  22  2:08  Probe, Nexus  
  23  2:14  Assimilator  
  23  2:18  Stalker  
  23  2:20  Probe  
  23  2:21  Adept  
  28  2:32  Warp Gate  
  28  2:36  Probe  
  29  2:47  Pylon  
  29  2:48  Probe  
  29  3:00  Probe  
  29  3:04  Adept x2  
  34  3:12  Probe  
  34  3:19  Gateway  
  35  3:20  Probe  
  35  3:21  Probe  
  37  3:30  Probe  
  37  3:33  Probe  
  32  3:41  Adept x2  
  39  3:45  Probe  
  39  3:46  Probe  
  45  3:55  Robotics Facility  
  45  3:57  Probe  
  45  3:59  Pylon  
  45  4:02  Probe  
  47  4:13  Probe  
  47  4:14  Probe  
  49  4:23  Sentry x3  
  55  4:25  Probe  
  55  4:26  Probe  
  57  4:37  Probe  
  58  4:38  Probe  
  58  4:42  Assimilator  
  58  4:44  Assimilator  
  59  4:46  Adept  
  59  4:49  Probe  
  62  4:57  Pylon  
  62  5:05  Probe  
  62  5:07  Probe  
  50  5:15  Zealot x3  
  50  5:18  Probe  
Show
View Real Time Build Order
Export as new Build Order

pHARM Zerg - Winner!

Build Orders: Hatch First 

Get SALT Encoding   

  12  0:18  Overlord  
  12  0:23  Drone x2  
  14  0:37  Drone  
  14  0:41  Drone  
  16  0:53  Drone  
  17  0:57  Hatchery  
  17  1:03  Drone  
  17  1:17  Drone  
  17  1:18  Spawning Pool  
  17  1:26  Drone  
  18  1:35  Drone  
  19  1:41  Extractor  
  18  1:47  Drone  
  19  1:57  Drone  
  20  2:09  Queen x2  
  20  2:12  Drone x2  
  26  2:23  Drone  
  26  2:24  Drone  
  28  2:33  Overlord  
  28  2:58  Lair  
  28  3:00  Drone x6  
  34  3:07  Queen  
  36  3:22  Extractor  
  36  3:24  Overlord x2, Extractor  
  36  3:26  Overlord  
  34  3:36  Drone x2  
  34  3:37  Overlord x3  
  36  3:50  Metabolic Boost  
  36  4:00  Nydus Network  
  36  4:01  Queen  
  36  4:02  Queen  
  37  4:07  Zergling x2  
  37  4:08  Zergling x16  
  48  4:18  Zergling x6  
  51  4:27  Zergling x2  
  51  4:31  Zergling x8  
  56  4:44  Nydus Canal  
  56  4:49  Zergling x10  
  53  5:21  Zergling x18  
Tags
 
Matchup
PvZ
Replay Pack
10.7.19
Spawn Locations
Cross Positions
Add a new tag
Caveats
  • Supply blocks, unpowered buildings, or Contaminate may cause inaccurate times.
  • Supply counts are checked every 10 seconds.